 Dungeon Crawl Stone Soup version 0.23-a0-516-g0f8c245 (webtiles) character file.

6428 theanonym the Basher (level 10, -4/83 HPs)
             Began as a Mummy Warper on Dec 5, 2018.
             Was an Initiate of Ru.
             Slain by a killer bee (6 damage)
             ... on level 9 of the Dungeon.
             The game lasted 00:18:38 (17077 turns).

theanonym the Basher (Mummy Warper)                Turns: 17077, Time: 00:18:38

Health: -4/83      AC: 12    Str: 17    XL:     10   Next: 67%
Magic:  14/14      EV:  0    Int: 12    God:    Ru [......]
Gold:   581        SH: 12    Dex: 13    Spells: 14/14 levels left

rFire    x . .     SeeInvis .   j - +0 flail
rCold    + . .     Gourm    .   i - +0 large shield
rNeg     + + +     Faith    +   b - +0 plate armour
rPois    ∞         Spirit   .   l - +0 helmet of Indecent Exposure {rN+}
rElec    .         Reflect  .   (no cloak)
rCorr    +         Harm     .   (no gloves)
MR       +....                  a - +0 pair of boots
Stlth    ..........             h - amulet of faith
HPRegen  0.23/turn              e - ring of resist corrosion
MPRegen  0.14/turn              (no ring)

@: no status effects
A: no food or potions, fire vulnerability, cold resistance 1, negative energy
resistance 3, torment resistance, unbreathing, no stealth
a: Renounce Religion


Innate Abilities, Weirdness & Mutations

You do not eat or drink.
Your flesh is vulnerable to fire.
You are immune to poison.
Your flesh is cold resistant. (rC+)
You are immune to negative energy. (rN+++)
You are immune to unholy pain and torment.
You can survive without breathing.
You cannot be stealthy.


   Skills:
 + Level 9.5 Fighting
 * Level 11.0 Maces & Flails
 - Level 0.7 Throwing
 - Level 0.7 Armour
 - Level 1.5 Dodging
 + Level 2.1 Shields
 - Level 2.6 Spellcasting
   Level 2.4 Translocations


You had 14 spell levels left.
You didn't know any spells.
Your spell library contained the following spells:

 Spells                   Type           Power        Failure   Level  Hunger
 Magic Dart               Conj           #...         100%        1    N/A
 Blink                    Tloc           N/A          100%        2    N/A
 Searing Ray              Conj           #.....       100%        2    N/A
 Shroud of Golubria       Chrm/Tloc      #.........   100%        2    N/A
 Dazzling Spray           Conj/Hex       #.....       100%        3    N/A
 Gell's Gravitas          Tloc           #.........   100%        3    N/A
 Lesser Beckoning         Tloc           #.........   100%        3    N/A
 Teleport Other           Tloc           #.......     100%        3    N/A
 Force Lance              Conj/Tloc      #.......     100%        4    N/A
 Fulminant Prism          Conj/Hex       #.........   100%        4    N/A
 Iskenderun's Mystic Bla  Conj           #.......     100%        4    N/A
 Passage of Golubria      Tloc           N/A          100%        4    N/A

Skill      XL: |  1  2  3  4  5  6  7  8  9 10 |
---------------+-------------------------------+-----
Maces & Flails | 2 3 4 5 6 8 10 11 | 11.0
Fighting       | 3 4 5 7 8 9 |  9.5
Shields        | 2 |  2.1
Throwing       | |  0.7
Armour         | |  0.7
Dodging        | |  1.5
Spellcasting   | |  2.6
Translocations | |  2.4

Action                   |  1- 3 |  4- 6 |  7- 9 | 10-12 || total
-------------------------+-------+-------+-------+-------++-------
Melee: Mace              |   140 |     7 |       |       ||   147
       Flail             |       |   209 |   705 |   276 ||  1190
Throw: Tomahawk          |     2 |       |     3 |       ||     5
Invok: Sacrifice Stealth |       |       |       |     1 ||     1
Evoke: Wand              |       |       |     7 |     2 ||     9
  Use: Scroll            |     1 |       |    11 |     6 ||    18
 Stab: Distracted        |       |       |       |     1 ||     1
Armor: Leather armour    |    16 |       |       |       ||    16
       Ring mail         |    58 |       |       |       ||    58
       Scale mail        |     7 |   105 |    51 |       ||   163
       Plate armour      |       |       |   502 |   163 ||   665
Dodge: Dodged            |   114 |   139 |   195 |    59 ||   507
Block: Buckler           |       |       |       |    28 ||    28
       Large shield      |       |       |       |    24 ||    24

Inventory:

Hand Weapons
 j - a +0 flail (weapon)
   (You found it on level 2 of the Dungeon)
Armour
 a - a +0 pair of boots (worn)
   (You found it on level 4 of the Dungeon)
 b - a +0 plate armour (worn)
   (You found it on level 5 of the Dungeon)
 i - a +0 large shield (worn)
   (You bought it in a shop on level 10 of the Dungeon)
 l - the +0 helmet of Indecent Exposure (worn) {rN+}
   (You found it on level 9 of the Dungeon)

   It protects you from negative energy.
Jewellery
 e - a ring of resist corrosion (left hand)
   (You found it on level 7 of the Dungeon)
 h - an amulet of faith (around neck)
   (You found it on level 8 of the Dungeon)
Wands
 d - a wand of iceblast (1)
   (You found it on level 6 of the Dungeon)
Scrolls
 c - 2 scrolls of immolation
 f - a scroll of fog
 g - a scroll of enchant weapon
 n - 8 scrolls of remove curse
 p - a scroll of amnesia
 r - 3 scrolls of identify
 t - 4 scrolls of teleportation {!r}
 y - 2 scrolls of magic mapping
 B - 4 scrolls of blinking


You were on level 9 of the Dungeon.
You worshipped Ru.
Ru was noncommittal.
You were not hungry.

You visited 1 branch of the dungeon, and saw 12 of its levels.

You collected 644 gold pieces.
You spent 63 gold pieces at shops.

Dungeon Overview and Level Annotations

Branches:
Dungeon (12/15)            Temple (0/1) D:7            Lair (0/6) D:8
    Orc (0/2) D:11

Altars:
Cheibriados
Elyvilon
Fedhas
Hepliaklqana
Ru
Zin

Shops:
D:10 [

Annotations:
D:8 exclusion: death yak

##########################
#.........................
#......>....##############
#...........##############
#.........................
##########.............###
##########..#########..#
#........@y............###
#...........<.............
###########..<.......(....
#...............
###########...............
#.........................
#.....................>...
#.###############.........
#.# #.........


You could see a killer bee.

Notes
Turn   | Place    | Note
-------+----------+-------------------------------------------
     0 | D:1      | theanonym the Mummy Warper began the quest for the Orb.
     0 | D:1      | Reached XP level 1. HP: 16/16 MP: 4/4
   253 | D:1      | Reached skill level 2 in Maces & Flails
   318 | D:1      | Reached XP level 2. HP: 22/22 MP: 5/5
  1099 | D:2      | Noticed Robin
  1120 | D:1      | HP: 10/23 [Robin/+0 whip (2)]
  1374 | D:2      | Reached XP level 3. HP: 23/28 MP: 7/7
  1635 | D:2      | Noticed Terence
  1655 | D:2      | HP: 10/28 [Terence/+0 trident (5)]
  1658 | D:2      | Killed Terence
  1658 | D:2      | Reached skill level 3 in Maces & Flails
  1662 | D:2      | HP: 4/28 [goblin (2)]
  1665 | D:2      | HP: 1/28 [goblin (3)]
  2072 | D:2      | HP: 11/28 [worm (4)]
  2271 | D:1      | Killed Robin
  2271 | D:1      | Reached skill level 3 in Fighting
  2271 | D:1      | Reached XP level 4. HP: 34/35 MP: 8/8
  3717 | D:3      | Found a snail-covered altar of Cheibriados.
  3933 | D:3      | Reached XP level 5. HP: 41/41 MP: 9/9
  4042 | D:4      | HP: 20/41 [worker ant (3)]
  4232 | D:4      | Found a white marble altar of Elyvilon.
  4310 | D:4      | Reached skill level 4 in Maces & Flails
  4330 | D:4      | Noticed a phantom
  4335 | D:4      | HP: 21/42 [howler monkey (6)]
  4339 | D:4      | HP: 10/42 [phantom (6)]
  4362 | D:4      | HP: 7/42 [orc wizard/magic dart (7)]
  4615 | D:4      | Reached XP level 6. HP: 43/48 MP: 10/10
  4633 | D:4      | HP: 22/48 [orc wizard/magic dart (4)]
  4639 | D:4      | Reached skill level 4 in Fighting
  4988 | D:4      | Reached skill level 5 in Maces & Flails
  5249 | D:4      | HP: 22/49 [gnoll/+0 whip (6)]
  5252 | D:4      | Reached XP level 7. HP: 25/55 MP: 11/11
  5531 | D:4      | Noticed Natasha
  5542 | D:4      | Killed Natasha
  5636 | D:4      | Noticed Natasha
  5654 | D:4      | HP: 24/55 [Natasha (4)]
  5655 | D:4      | Killed Natasha
  5677 | D:4      | Noticed Natasha
  5698 | D:4      | HP: 22/55 [Natasha/magic dart (6)]
  5703 | D:4      | Killed Natasha
  5989 | D:4      | Got a pitted hand axe
  5990 | D:4      | Identified the cursed +0 hand axe of Nuloc {pain, *Noise
                  | rPois rC+ MR+} (You found it on level 4 of the Dungeon)
  6496 | D:5      | Entered Level 5 of the Dungeon
  6744 | D:5      | HP: 23/55 [ogre/+0 giant club (21)]
  6751 | D:5      | Reached skill level 5 in Fighting
  6754 | D:5      | HP: 24/56 [adder (2)]
  6994 | D:5      | Reached skill level 6 in Maces & Flails
  7518 | D:5      | Found a runed gate.
  7518 | D:5      | Found a runed gate.
  7520 | D:5      | Found a runed gate.
  7525 | D:5      | Noticed zard0z's ghost (novice DEWz)
  7546 | D:5      | HP: 27/56 [wyvern skeleton (8)]
  7565 | D:5      | HP: 22/56 [zard0z's ghost (1)]
  7572 | D:5      | HP: 18/56 [leopard gecko zombie (3)]
  7963 | D:5      | HP: 26/56 [iron imp[zard0z's ghost] (5)]
  7971 | D:5      | HP: 24/56 [zard0z's ghost (3)]
  7978 | D:5      | HP: 22/56 [white imp[zard0z's ghost] (2)]
  7984 | D:5      | HP: 14/56 [zard0z's ghost (2)]
  8006 | D:5      | HP: 17/56 [zard0z's ghost (1)]
  8014 | D:5      | HP: 15/56 [zard0z's ghost/magic dart (4)]
  8019 | D:5      | HP: 15/56 [zard0z's ghost (1)]
  8026 | D:5      | HP: 5/56 [zard0z's ghost (4)]
  8027 | D:5      | HP: 1/56 [zard0z's ghost (5)]
  8345 | D:5      | HP: 27/56 [crimson imp[zard0z's ghost] (3)]
  8353 | D:5      | HP: 27/56 [zard0z's ghost/magic dart (2)]
  8565 | D:6      | HP: 27/56 [orc/+0 whip (3)]
  8570 | D:6      | HP: 26/56 [orc wizard/magic dart (1)]
  8575 | D:6      | HP: 25/56 [orc wizard/magic dart (2)]
  8990 | D:6      | Reached XP level 8. HP: 51/63 MP: 12/12
  9178 | D:5      | Killed zard0z's ghost
  9178 | D:5      | Reached skill level 6 in Fighting
  9178 | D:5      | Reached skill level 7 in Maces & Flails
  9311 | D:6      | HP: 31/64 [ice beast (5)]
  9776 | D:6      | Reached skill level 8 in Maces & Flails
  9937 | D:7      | Noticed a hippogriff
  9946 | D:7      | HP: 32/65 [hippogriff (1)]
  9952 | D:7      | HP: 20/65 [hippogriff (1)]
  9954 | D:7      | Killed a hippogriff
  9954 | D:7      | Reached skill level 7 in Fighting
  9954 | D:7      | Reached XP level 9. HP: 14/72 MP: 13/13
 10244 | D:7      | Found a sacrificial altar of Ru.
 10318 | D:7      | Became a worshipper of Ru the Awakened
 10366 | D:7      | Found a staircase to the Ecumenical Temple.
 10531 | D:7      | Found a blossoming altar of Fedhas.
 10531 | D:7      | Found a glowing silver altar of Zin.
 10750 | D:7      | HP: 27/72 [spriggan baker/+0 dagger (10)]
 11072 | D:8      | HP: 35/72 [orc warrior/+0 scimitar (3)]
 11077 | D:8      | HP: 35/72 [orc warrior/+0 scimitar (1)]
 11082 | D:8      | HP: 29/72 [orc warrior/+0 scimitar (6)]
 11084 | D:8      | Reached skill level 9 in Maces & Flails
 11104 | D:8      | HP: 33/72 [bullfrog (1)]
 11307 | D:8      | HP: 29/73 [crocodile (11)]
 11312 | D:8      | HP: 26/73 [crocodile (1)]
 11676 | D:8      | Noticed a death yak
 11846 | D:8      | HP: 36/74 [orc wizard/+1 dagger of electrocution (2)]
 11851 | D:8      | Reached skill level 8 in Fighting
 11862 | D:7      | HP: 29/74 [orc/+0 mace (5)]
 12111 | D:7      | HP: 32/74 [orc warrior/+0 long sword (11)]
 12114 | D:7      | HP: 10/74 [orc warrior/+0 long sword (14)]
 12633 | D:8      | HP: 36/75 [hippogriff (4)]
 12638 | D:8      | HP: 21/75 [wight/+0 battleaxe (1)]
 12659 | D:8      | HP: 24/75 [wight/+0 battleaxe (1)]
 12666 | D:7      | HP: 16/75 [wight/+0 battleaxe (5)]
 12672 | D:7      | Reached skill level 10 in Maces & Flails
 12977 | D:8      | Reached XP level 10. HP: 79/82 MP: 14/14
 13054 | D:8      | Found a staircase to the Lair.
 13054 | D:8      | Noticed a death yak
 13055 | D:8      | HP: 36/82 [porcupine (10)]
 13055 | D:8      | Noticed a death yak
 13071 | D:8      | HP: 26/82 [scorpion (4)]
 13483 | D:9      | Gained mutation: You cannot be stealthy. [Ru sacrifice]
 13527 | D:9      | HP: 39/82 [ogre/+0 giant spiked club (21)]
 13857 | D:9      | Found a hazy altar of Hepliaklqana.
 13881 | D:9      | Reached skill level 9 in Fighting
 14471 | D:9      | Got a bloodstained helmet
 14767 | D:9      | Reached skill level 1 in Shields
 14917 | D:9      | Identified the +0 helmet of Indecent Exposure {rN+} (You
                  | found it on level 9 of the Dungeon)
 14954 | D:10     | Entered Level 10 of the Dungeon
 15094 | D:10     | You fall through a shaft for 2 floors!
 15332 | D:11     | HP: 38/83 [wyvern (13)]
 15756 | D:10     | Found Fapna's Armour Boutique.
 15758 | D:10     | Noticed Joseph
 16170 | D:10     | HP: 41/83 [Joseph/+4 quarterstaff (12)]
 16402 | D:10     | HP: 40/83 [Joseph/+4 quarterstaff (7)]
 16403 | D:10     | Killed Joseph
 16403 | D:10     | Reached skill level 11 in Maces & Flails
 16630 | D:10     | Bought a +0 large shield for 63 gold pieces
 16671 | D:10     | Found a portal to a secret trove of treasure.
 16682 | D:10     | HP: 39/83 [guardian mummy (23)]
 16684 | D:10     | Reached skill level 2 in Shields
 17028 | D:10     | HP: 37/83 [yak (6)]
 17031 | D:10     | HP: 16/83 [orc priest/divine providence (14)]
 17070 | D:10     | HP: 20/83 [killer bee (5)]
 17076 | D:9      | HP: 7/83 [killer bee (5)]
 17076 | D:9      | HP: 2/83 [killer bee (5)]
 17077 | D:9      | Slain by a killer bee

Vanquished Creatures
  Joseph (D:10)
  The ghost of zard0z the Thaumaturge, a novice DEWz (D:5)
  A guardian mummy (D:10)
  A troll (D:9)
  2 hippogriffs
  A wyvern (D:11)
  A spriggan (D:7)
  A hungry ghost (D:7)
  An acid dragon (D:12)
  3 porcupines (D:8)
  2 orc warriors
  2 sky beasts
  2 black bears (D:6)
  3 ice beasts
  A phantom (D:4)
  A necrophage (D:8)
  8 ogres
  3 centaurs
  A crocodile (D:8)
  5 bullfrogs
  A wyvern skeleton (D:5)
  2 scorpions
  4 wights
  A howler monkey (D:4)
  2 bullfrog zombies
  7 crimson imps
  A quasit (D:6)
  A centaur zombie (D:8)
  5 hounds
  3 jellies
  A bullfrog skeleton (D:10)
  3 orc priests
  9 orc wizards
  Natasha (thrice) (D:4)
  Terence (D:2)
  3 iguanas
  5 worker ants
  A killer bee zombie (D:9)
  A hound skeleton (D:5)
  Robin (D:1)
  7 gnolls (D:4)
  A howler monkey skeleton (D:5)
  12 adders
  2 oozes
  3 adder skeletons
  5 worms
  2 dart slugs
  4 leopard geckos
  27 orcs
  5 giant cockroaches
  12 goblins
  8 hobgoblins
  5 jackals
  7 kobolds
  7 quokkas
  6 bats
  4 frilled lizards
  A leopard gecko zombie (D:5)
  A quokka skeleton (D:6)
  A rat (D:1)
216 creatures vanquished.

Vanquished Creatures (others)
  An orc priest (D:4)
  A quokka (D:4)
2 creatures vanquished.

Grand Total: 218 creatures vanquished

Table legend:
 A = Turns spent in this place as a percentage of turns spent in the entire game.
 B = Non-inter-level travel turns spent in this place as a percentage of non-inter-level travel turns spent in the entire game.
 C = Inter-level travel turns spent in this place as a percentage of turns spent in this place.
 D = Turns resting spent in this place as a percentage of non-inter-level travel turns spent in this place.
 E = Turns spent auto-exploring this place as a percentage of non-inter-level travel turns spent in this place.
 F = Non-inter-level travel turns spent in this place divided by the number of levels of this place that you've seen.
                   A       B       C       D       E      F
               +-------+-------+-------+-------+-------+----------------------
         Total | 100.0 | 100.0 |   4.2 |  47.9 |  36.1 | 1362.8
       Dungeon | 100.0 | 100.0 |   4.2 |  47.9 |  36.1 | 1362.8
               +-------+-------+-------+-------+-------+----------------------
